 Dungeon Crawl Stone Soup version 0.31-a0-446-g07c4bd200f (webtiles) character file.

Game seed: 4440234380404461095

476 MacCMillion the Ruffian (level 6, 0/53 HPs)
             Began as a Draconian Shapeshifter on Aug 3, 2023.
             Killed from afar by Dowan (10 damage)
             ... with a stone arrow
             ... on level 4 of the Dungeon.
             The game lasted 00:04:35 (2329 turns).

MacCMillion the Ruffian (Draconian Shapeshifter)    Turns: 2329, Time: 00:04:36

Health: 0/53       AC:  6    Str: 19    XL:     6   Next: 84%
Magic:  6/6        EV: 12    Int:  8    God:
Gold:   246        SH:  0    Dex: 12    Spells: 5/5 levels left

rFire   . .          .
                       - Unarmed
rCold   . . .        (no shield)
rNeg    . . .        (body armour unavailable)
rPois   .            (helmet currently unavailable)
rElec   .            (cloak currently unavailable)
rCorr   .            (gloves currently unavailable)
SInv    .            (boots currently unavailable)
Will    .....        (no amulet)
Stlth   +            (no ring)
HPRegen 0.28/turn    (no ring)
MPRegen 0.10/turn

%: no passive effects
@: beast-form
A: beast (slay +2), AC +6, unfitting armour, cold-blooded
a: Begin Untransformation


You were on level 4 of the Dungeon.
You were a hulking beast.
You visited 1 branch of the dungeon, and saw 5 of its levels.

You collected 246 gold pieces.

Inventory:

Missiles
 i - 2 poisoned darts
Armour
 h - the orb of Hepliaklqana's Delight {mayhem, rPois Str+8 Dex+4 Stlth-}
   (You found it on level 2 of the Dungeon)

   Str:       It affects your strength (+8).
   Dex:       It affects your dexterity (+4).
   rPois:     It protects you from poison.
   Stlth:     It makes you less stealthy.
 j - a +0 pair of boots
Talismans
 b - a beast talisman (active)
Scrolls
 d - 2 scrolls of identify {unknown}
 e - a scroll of blinking {unknown}
 g - a scroll of butterflies {unknown}
 m - a scroll of vulnerability {unknown}
Potions
 a - 2 potions of lignification
 c - a potion of degeneration {unknown}
 f - a potion of haste {unknown}
 k - a potion of curing {unknown}
 l - a potion of brilliance {unknown}


   Skills:
 + Level 4.5 Fighting
 - Level 1.7 Dodging
 * Level 6.6 Unarmed Combat
 - Level 3.0 Shapeshifting


You had 5 spell levels left.
You didn't know any spells.
Your spell library contained the following spells:

 Spells                   Type           Power      Damage    Failure   Level
 Foxfire                  Conj/Fire      0%         2x1d4     41%         1
 Summon Small Mammal      Summ           0%         N/A       41%         1
 Call Canine Familiar     Summ           0%         N/A       78%         3
 Summon Guardian Golem    Hex/Summ       0%         N/A       78%         3
 Volatile Blastmotes      Fire/Tloc      0%         2d10      78%         3
 Fulminant Prism          Conj/Hex       0%         3d5       99%         4
 Iskenderun's Mystic Bla  Conj/Tloc      0%         2d3       99%         4
 Plasma Beam              Fire/Air       0%         2x1d10    100%        6
 Starburst                Conj/Fire      0%         6d3       100%        6


Dungeon Overview and Level Annotations

Branches:
Dungeon (5/15)
 Temple: D:4-7

Altars:
Uskayaw

Annotations:
D:4 Dowan, Grinder


Innate Abilities, Weirdness & Mutations

You are a hulking beast.
Your limbs bulge with bestial killing power. (Slay +2)
Your plain brown scales are hard. (AC +6)
You cannot fit into any form of body armour.
You are cold-blooded and may be slowed by cold attacks.


Message History

Duvessa barely misses you.
You closely miss Duvessa.
Duvessa is severely wounded.
Duvessa hits you with a +0 rapier.
You hit Duvessa.
Duvessa is almost dead.
You hit Duvessa but do no damage.
Duvessa is almost dead.
Duvessa hits you with a +0 rapier.
You hit Duvessa.
Duvessa is almost dead.
Duvessa hits you with a +0 rapier!
* * * LOW HITPOINT WARNING * * *
You hit Duvessa. You tail-slap Duvessa.
You kill Duvessa!
Dowan's eyes darken. "You have made a grave mistake."
Dowan seems to find hidden reserves of power!
You barely miss Dowan. You tail-slap Dowan.
Dowan is moderately wounded.
Dowan hits you but does no damage.
Dowan gestures wildly while chanting.
Dowan blinks!
Dowan casts a spell.
Dowan blinks!
Things that are here:
a +0 rapier; a +0 scale mail
There is a stone staircase leading down here.
Dowan hits you but does no damage. Dowan hits you with a +0 dagger.
* * * LOW HITPOINT WARNING * * *
There is an escape hatch in the ceiling, spattered with blood here.
Okay, then.
You hit Dowan. You tail-slap Dowan, but do no damage.
Dowan is heavily wounded.
Dowan closely misses you.
Dowan mumbles some strange words.
Dowan blinks!
Dowan points at you and mumbles some strange words.
The stone arrow hits you!
You die...

######### #.......#
#.......########.##
#........).........
#...#....#####...#.
#e...h.>.# ##
#.....ยง..#
#.....[...#
###...##..#
#.#.......
#.#.##..###
#.#.##..# #.#.# ..#


You could see Dowan (fast).

Vanquished Creatures
  Duvessa (D:4)
  An ice beast (D:5)
  A scorpion (D:5)
  2 hounds (D:5)
  A gnoll bouda (D:5)
  5 gnolls (D:5)
  3 adders
  A worm (D:3)
  3 dart slugs
  An orc (D:5)
  8 ball pythons
  3 bats
  3 endoplasms
  3 giant cockroaches
  3 goblins
  5 hobgoblins
  6 jackals
  5 kobolds
  A quokka (D:1)
  A frilled lizard (D:3)
  2 rats (D:2)
59 creatures vanquished.

Notes
Turn   | Place    | Note
-------+----------+-------------------------------------------
     0 | D:1      | MacCMillion the Draconian Shapeshifter began the quest for
                  | the Orb.
     0 | D:1      | Reached XP level 1. HP: 16/16 MP: 1/1
   144 | D:1      | Reached XP level 2. HP: 23/23 MP: 2/2
   564 | D:2      | Reached XP level 3. HP: 29/29 MP: 3/3
   591 | D:2      | Identified the +7 quarterstaff "Qaluq" {drain, Fragile
                  | Int+6}
   597 | D:2      | Identified the orb of Hepliaklqana's Delight {mayhem, rPois
                  | Str+8 Dex+4 Stlth-}
   810 | D:2      | Reached skill level 4 in Unarmed Combat
  1135 | D:3      | Found a hide-covered altar of Uskayaw.
  1331 | D:3      | Reached XP level 4. HP: 32/37 MP: 4/4
  1427 | D:3      | Found a faded altar of an unknown god.
  1561 | D:3      | You fall into a shaft and drop 2 floors!
  1561 | D:5      | Entered Level 5 of the Dungeon
  1565 | D:5      | Noticed an ice beast
  1696 | D:5      | Killed an ice beast
  1697 | D:5      | Reached skill level 5 in Unarmed Combat
  1697 | D:5      | Reached XP level 5. HP: 23/45 MP: 5/5
  1882 | D:5      | Identified the quicksilver dragon scales of Jehaot {Rampage
                  | Fly Will+}
  1893 | D:5      | Reached XP level 6. HP: 30/52 MP: 6/6
  1910 | D:5      | Reached skill level 6 in Unarmed Combat
  2202 | D:5      | Identified the +3 leather armour "Ybeumy" {rN+}
  2240 | D:4      | Noticed Grinder
  2287 | D:4      | Noticed Duvessa
  2287 | D:4      | Noticed Dowan
  2321 | D:4      | Killed Duvessa
  2329 | D:4      | Killed from afar by Dowan

Illustrated notes

Levels and vault maps discovered:
D:1:      amcnicky_arrival_flooded_fountain, layout_rooms,
          kennysheep_flooded_box, chequers_serial_rivers_micro_a,
          minmay_misc_feat_columns
D:2:      layout_basic
D:3:      layout_loops_corners, amcnicky_altar_gilded,
          hellmonk_ecumenical_altar_run_dry
D:4:      layout_loops_ring, minmay_temple_entry_junction, serial_shops,
          shop_statue, skrybe_limestone_x, uniq_duvessa, uniq_grinder
D:5:      layout_rooms

Skill      XL: |  1  2  3  4  5  6 |
---------------+-------------------+-----
Fighting       | 2 3 4 |  4.5
Unarmed Combat | 4 5 6 |  6.6
Dodging        | |  1.7
Shapeshifting  | |  3.0

Action                     |  1- 3 |  4- 6 || total
---------------------------+-------+-------++-------
  Melee: Unarmed           |   108 |   101 ||   209
         Punch             |     3 |     6 ||     9
         Tailslap          |    11 |    14 ||    25
  Throw: Dart              |       |     1 ||     1
   Stab: Sleeping          |     2 |       ||     2
         Distracted        |     1 |       ||     1
 Armour: Skin              |    28 |    23 ||    51
  Dodge: Dodged            |    53 |    46 ||    99

Table legend: (Time is in decaauts)
 A = Elapsed time spent in this place.
 B = Non-inter-level travel time spent in this place.
 C = Inter-level travel time spent in this place.
 D = Time resting spent in this place.
 E = Time spent auto-exploring this place.
 F = Levels seen in this place.
 G = Mean time per level.
                   A        B        C        D        E       F      G
               +--------+--------+--------+--------+--------+-----+--------+
         Total |   2313 |   2262 |     51 |    545 |   1205 |   5 |  462.6 |
       Dungeon |   2313 |   2262 |     51 |    545 |   1205 |   5 |  462.6 |
               +--------+--------+--------+--------+--------+-----+--------+

Top non-repeatable levels by time:
     D:5: 719 daAuts
     D:2: 622 daAuts
     D:1: 507 daAuts
     D:3: 423 daAuts
     D:4: 40 daAuts
